 Dungeon Crawl Stone Soup version 0.31-a0-986-g5e6e4ef867 (webtiles) character file.

Game seed: 8370466483033962

122 javelincjr the Changeling (level 4, -1/35 HPs)
             Began as a Demigod Shapeshifter on Nov 6, 2023.
             Succumbed to a gnoll's poison
             ... on level 3 of the Dungeon.
             The game lasted 00:08:07 (2376 turns).

javelincjr the Changeling (Demigod Shapeshifter)    Turns: 2376, Time: 00:08:08

Health: -1/35      AC: 10    Str: 21    XL:     4   Next: 50%
Magic:  6/6        EV:  6    Int: 12    God:
Gold:   153        SH:  0    Dex: 13    Spells: 3/3 levels left

rFire   . .          .
                       - Unarmed
rCold   . . .        (no shield)
rNeg    . . .        v - +0 plate armour of Light {Str+2 SInv}
rPois   .            (helmet currently unavailable)
rElec   .            (cloak currently unavailable)
rCorr   .            (gloves currently unavailable)
SInv    +            (boots currently unavailable)
Will    .....        (no amulet) Stlth
                     (no ring)
HPRegen 0.25/turn    (no ring)
MPRegen 0.10/turn

%: no passive effects
@: brilliant, lethally poisoned (-1 -> -26), beast-form
A: beast (slay +2), high MP 1, forlorn, divine attributes
a: Begin Untransformation


You were on level 3 of the Dungeon.
You were a hulking beast.
You visited 1 branch of the dungeon, and saw 4 of its levels.

You collected 153 gold pieces.

Inventory:

Hand Weapons
 j - a +0 dagger of holy wrath
Missiles
 h - 27 stones (quivered)
 s - 12 poisoned darts
Armour
 a - a +0 animal skin
 p - a +0 pair of boots
 v - the +0 plate armour of Light (worn) {Str+2 SInv}
   (You found it on level 3 of the Dungeon)

   Str+2:     It affects your strength (+2).
   SInv:      It lets you see invisible.
Talismans
 c - a beast talisman
 d - a flux talisman
Wands
 w - a wand of roots (8)
 y - a wand of charming (2)
Scrolls
 f - a scroll of silence {unknown}
 l - a scroll of vulnerability {unknown}
 m - a scroll of immolation {unknown}
 n - 2 scrolls of blinking {unknown}
 o - 3 scrolls of identify {unknown}
 q - a scroll of noise {unknown}
 r - 2 scrolls of revelation {unknown}
 t - 2 scrolls of teleportation {unknown}
 x - 2 scrolls of summoning {unknown}
 A - a scroll of poison {unknown}
Potions
 b - a potion of heal wounds
 e - a potion of curing {unknown}
 g - 2 potions of brilliance
 i - 2 potions of haste {unknown}
 k - a potion of attraction {unknown}
 u - a potion of ambrosia {unknown}
 z - a potion of magic {unknown}


   Skills:
 - Level 1.0 Fighting
 + Level 0.1 Armour
 - Level 2.2 Dodging
 - Level 3.0 Unarmed Combat
 * Level 4.4 Shapeshifting


You had 3 spell levels left.
You didn't know any spells.
Your spell library contained the following spells:

 Spells                   Type           Power      Damage    Failure   Level
 Wereblood                Tmut           0%         N/A       100%        2
 Irradiate                Conj/Tmut      0%         3d11      100%        5


Dungeon Overview and Level Annotations

Branches:
Dungeon (4/15)
 Temple: D:4-7

Annotations:
D:4 exclusion: oklob plant


Innate Abilities, Weirdness & Mutations

You are a hulking beast.
Your limbs bulge with bestial killing power. (Slay +2)
You have an increased reservoir of magic. (+10% MP)
You shall have no god before yourself.
Your divine heritage dramatically boosts your attributes as you level up.


Message History

No target in view!
A - a scroll labelled TUMOIWAURU You see here 5 large rocks.
You see here a +0 trident.
A dart slug comes into view.
The dart slug moves out of view.
Found 14 gold pieces.
The dart slug launches a dart at you.
The slug dart hits you but does no damage.
A gnoll comes into view. It is wielding a +2 halberd of venom.
The gnoll shouts!
A bat comes into view.
You punch the dart slug!
The dart slug is almost dead.
The dart slug barely misses you.
You punch the dart slug!
You kill the dart slug!
The bat hits you but does no damage. The bat hits you but does no damage.
The gnoll hits you with a +2 halberd of venom!
You are poisoned.
You hit the gnoll but do no damage.
You feel very sick. The bat barely misses you. The gnoll barely misses you.
You hit the gnoll but do no damage.
You feel very sick. The bat completely misses you.
You hit the gnoll.
The gnoll is lightly wounded.
You feel very sick. The bat hits you. The gnoll closely misses you.
The bat barely misses you.
You hit the gnoll.
The gnoll is lightly wounded.
You feel sick. The bat hits you but does no damage.
The gnoll hits you with a +2 halberd of venom!
* * * LOW HITPOINT WARNING * * *
You are more poisoned.
It was a potion of brilliance.
You feel clever all of a sudden.
You die...

.....)............# #..#
#.#...########.##.####..#
...........# #.##.......#
##.).##..#.###.########.#
.#รท#.###.......########.####
.#...###.#.######..........#
..###......# #..#####.##.#
#.#.#.#...## ##.## #.##.#
.#.##....## #.h.# #.##.#
#.#..###.# #..g..# #.##.#
.#.#..%#.#####.$...####.##.#
#.#..###^....#....b#.##..#.#
.#.##......####...##.###.#.#
#.#.#.#..#.# .....#...#.#.#
..###......# .....#...#.#.#
.#...###.#.# #.....#.......#
.#.#.###.#.# ##...#.###


You could see a gnoll and a bat.

Vanquished Creatures
  2 orc wizards (D:3)
  A worm (D:3)
  2 dart slugs (D:3)
  2 orcs (D:3)
  6 endoplasms
  A giant cockroach (D:2)
  4 goblins
  5 hobgoblins
  8 jackals
  5 kobolds
  2 quokkas
  4 ball pythons
  13 bats
  2 frilled lizards
  A rat (D:2)
58 creatures vanquished.

Notes
Turn   | Place    | Note
-------+----------+-------------------------------------------
     0 | D:1      | javelincjr the Demigod Shapeshifter began the quest for the
                  | Orb.
     0 | D:1      | Reached XP level 1. HP: 15/15 MP: 3/3
   136 | D:1      | Reached skill level 1 in Fighting
   594 | D:1      | Reached XP level 2. HP: 21/23 MP: 4/4
   636 | D:1      | Reached skill level 3 in Shapeshifting
  1121 | D:2      | Reached XP level 3. HP: 22/28 MP: 5/5
  1291 | D:2      | You fall into a shaft and drop 2 floors!
  1291 | D:3      | Identified the "Ihigrar"
  1291 | D:3      | Identified the "Alukhlisu"
  1291 | D:3      | Identified the "Hytzur"
  1424 | D:4      | Noticed an oklob plant
  1613 | D:3      | HP: 1/28 [something/magic dart (4)]
  1634 | D:3      | Reached skill level 4 in Shapeshifting
  1634 | D:3      | Reached XP level 4. HP: 22/35 MP: 6/6
  2250 | D:3      | Identified the +0 plate armour of Light {Str+2 SInv}
  2376 | D:3      | Succumbed to a gnoll's poison

Illustrated notes

Levels and vault maps discovered:
D:1:      minmay_arrival_checkered_box, layout_basic,
          shapermc_ecumenical_altar_notcrosses, minmay_pentomino_o4
D:2:      layout_loops_ring
D:3:      layout_loops_ring, marbit_many_paths, nicolae_sif_muna_little_library,
          minmay_starry_boxes
D:4:      layout_loops_ring, tgw_fedhas, elyvilon_altar_5,
          dancing_weapons_uskayaw

Skill      XL: |  1  2  3 |
---------------+----------+-----
Fighting       | 1 |  1.0
Dodging        | 2 |  2.2
Shapeshifting  | 3 4 |  4.4
Unarmed Combat | 3 |  3.0
Armour         | |  0.1

Action                     |  1- 3 |  4- 6 || total
---------------------------+-------+-------++-------
  Melee: Unarmed           |   136 |    45 ||   181
         Punch             |       |     2 ||     2
  Throw: Stone             |     2 |       ||     2
    Use: Potion            |     2 |     1 ||     3
   Stab: Sleeping          |       |     1 ||     1
 Armour: Animal skin       |    72 |    27 ||    99
         Skin              |    14 |       ||    14
         Plate armour      |       |     9 ||     9
  Dodge: Dodged            |    74 |    33 ||   107

Table legend: (Time is in decaauts)
 A = Elapsed time spent in this place.
 B = Non-inter-level travel time spent in this place.
 C = Inter-level travel time spent in this place.
 D = Time resting spent in this place.
 E = Time spent auto-exploring this place.
 F = Levels seen in this place.
 G = Mean time per level.
                   A        B        C        D        E       F      G
               +--------+--------+--------+--------+--------+-----+--------+
         Total |   2374 |   2360 |     14 |     29 |   1773 |   4 |  593.5 |
       Dungeon |   2374 |   2360 |     14 |     29 |   1773 |   4 |  593.5 |
               +--------+--------+--------+--------+--------+-----+--------+

Top non-repeatable levels by time:
     D:1: 870 daAuts
     D:3: 776 daAuts
     D:2: 432 daAuts
     D:4: 295 daAuts
